 Dungeon Crawl Stone Soup version 0.30.0-29-ga12c61a403 (webtiles) character file.

Game seed: 8992808168607397561

38 RascalDebosk the Magician (level 3, 0/27 HPs)
             Began as a Djinni Hexslinger on June 3, 2023.
             Slain by a scorpion (6 damage)
             ... on level 2 of the Dungeon.
             The game lasted 00:06:10 (962 turns).

RascalDebosk the Magician (Djinni Hexslinger)        Turns: 962, Time: 00:06:11

Health: 0/27       AC:  2    Str: 15    XL:     3   Next: 65%
Gold:   49         EV: 12    Int: 16    God:
                   SH:  0    Dex: 13

rFire   + + .        a - +1 sling
rCold   x . .        (no shield)
rNeg    . . .        c - +0 robe
rPois   ∞            (no helmet)
rElec   .            (no cloak)
rCorr   .            (no gloves)
SInv    .            (boots unavailable)
Will    .....        (no amulet)
Stlth   +            e - +6 ring of strength
HPRegen 0.24/turn    (no ring)
MPRegen 0.00/turn

%: infuse magic (-1 HP)
@: flying
A: sickness immunity, fire resistance 2, cold vulnerability 1, float, innate
caster, HP casting, extra vitality 1
a: no special abilities


You were on level 2 of the Dungeon.
You visited 1 branch of the dungeon, and saw 2 of its levels.

You collected 49 gold pieces.

Inventory:

Hand Weapons
 a - a +1 sling (weapon)
Armour
 c - a +0 robe (worn)
Jewellery
 e - a +6 ring of strength (left hand)
Scrolls
 b - a scroll of poison
 d - a scroll of torment {unknown}
 f - a scroll of identify {unknown}
 h - a scroll of amnesia {unknown}
 j - a scroll of teleportation {unknown}
Potions
 g - a potion of invisibility {unknown}
 i - a potion of lignification {unknown}


   Skills:
 - Level 1.0 Fighting
 - Level 1.5 Ranged Weapons
 - Level 2.1 Dodging
 * Level 3.4 Spellcasting


You knew the following spells:

 Your Spells              Type           Power      Damage    Failure   Level
a - Slow                  Hex            52%        N/A       4%          1
b - Inner Flame           Hex/Fire       13%        N/A       13%         3
c - Portal Projectile     Hex/Tloc       26%        N/A       13%         3
d - Cause Fear            Hex            6%         N/A       41%         4
e - Freeze                Ice            52%        1d6       4%          1
Your spell library was empty.

Dungeon Overview and Level Annotations

Branches:
Dungeon (2/15)

Altars:


Innate Abilities, Weirdness & Mutations

You are immune to sickness and miasma.
You are immune to poison.
Your flesh is very heat resistant. (rF++)
You are vulnerable to cold. (rC-)
You float through the air rather than walking.
You learn spells naturally, not from books.
Your magical power is your life essence.
You have superior vitality. (+4 MHP)


Message History

You kill the endoplasm!
A dart slug comes into view.
Found a mace.
Fire: a) +1 sling
Press: ? - help, Q - select action, (/) - cycle Shift-Dir - straight line, f - dart slug
Aim: a dart slug (asleep, 98% to hit)
You shoot a sling bullet. The sling bullet hits the dart slug!
You kill the dart slug!
You see here a dart slug corpse.
A rat and a frilled lizard come into view.
Fire: a) +1 sling
Press: ? - help, Q - select action, (/) - cycle Shift-Dir - straight line, f - frilled lizard
Aim: a frilled lizard (asleep, 98% to hit)
You shoot a sling bullet.
The sling bullet hits the frilled lizard.
You kill the frilled lizard!
Fire: a) +1 sling
Press: ? - help, Q - select action, (/) - cycle Shift-Dir - straight line, f - rat
Aim: a rat (54% to hit)
You shoot a sling bullet.
The sling bullet closely misses the rat.
Fire: a) +1 sling
Press: ? - help, Q - select action, (/) - cycle Shift-Dir - straight line, f/p - rat
Aim: a rat (54% to hit)
You shoot a sling bullet. The sling bullet hits the rat.
You kill the rat!
You see here a frilled lizard corpse.
You see here a dart slug corpse.
You see here a +0 short sword.
You see here a +0 hand axe.
There is a stone staircase leading down here.
Things that are here:
a +0 club; a +0 short sword Done exploring.
Fire: a) +1 sling
Press: ? - help, Q - select action, (/) - cycle Shift-Dir - straight line
Okay, then.
Things that are here:
a +0 club; a +0 short sword
There is a stone staircase leading down here.
You fly downwards.
There is a stone staircase leading up here.
Fire: a) +1 sling
Press: ? - help, Q - select action, (/) - cycle Shift-Dir - straight line, f - giant cockroach
Aim: a giant cockroach (asleep, 98% to hit)
You shoot a sling bullet.
The sling bullet hits the giant cockroach!
You kill the giant cockroach!
Found a stone staircase leading down.
A kobold comes into view. It is wielding a +0 short sword.
Fire: a) +1 sling
Press: ? - help, Q - select action, (/) - cycle Shift-Dir - straight line, f - kobold
Aim: a kobold, wielding a +0 short sword (asleep, 98% to hit)
You shoot a sling bullet. The sling bullet hits the kobold.
You kill the kobold!
A scorpion comes into view.
Fire: a) +1 sling
Press: ? - help, Q - select action, (/) - cycle Shift-Dir - straight line, f - scorpion
Aim: a scorpion (asleep, 98% to hit)
You shoot a sling bullet. The sling bullet hits the scorpion.
The scorpion is lightly wounded.
Fire: a) +1 sling
Press: ? - help, Q - select action, (/) - cycle Shift-Dir - straight line, f/p - scorpion
Aim: a scorpion (lightly wounded, 54% to hit)
You shoot a sling bullet.
The sling bullet closely misses the scorpion.
Fire: a) +1 sling
Press: ? - help, Q - select action, (/) - cycle Shift-Dir - straight line, f/p - scorpion
Aim: a scorpion (lightly wounded, 54% to hit)
You shoot a sling bullet.
The sling bullet closely misses the scorpion.
The scorpion stings you!
Fire: a) +1 sling
Press: ? - help, Q - select action, (/) - cycle Shift-Dir - straight line, f/p - scorpion
Aim: a scorpion (lightly wounded, 54% to hit)
You shoot a sling bullet.
The sling bullet closely misses the scorpion.
The scorpion stings you. The scorpion closely misses you.
Fire: a) +1 sling
Press: ? - help, Q - select action, (/) - cycle Shift-Dir - straight line, f/p - scorpion
Aim: a scorpion (lightly wounded, 54% to hit)
You shoot a sling bullet. The sling bullet hits the scorpion.
The scorpion is heavily wounded.
The scorpion stings you.
* * * LOW HITPOINT WARNING * * *
Fire: a) +1 sling
Press: ? - help, Q - select action, (/) - cycle Shift-Dir - straight line, f/p - scorpion
Aim: a scorpion (heavily wounded, 54% to hit)
You shoot a sling bullet.
The sling bullet barely misses the scorpion.
The scorpion closely misses you. The scorpion stings you.
* * * LOW HITPOINT WARNING * * *
Fire: a) +1 sling
Press: ? - help, Q - select action, (/) - cycle Shift-Dir - straight line, f/p - scorpion
Aim: a scorpion (heavily wounded, 54% to hit)
You shoot a sling bullet.
The sling bullet hits the scorpion but does no damage.
The scorpion is heavily wounded.
The scorpion stings you.
You die...

#..... ..... ###
.... #.. ... # #..
..###.. .# #..
.....##.# ##..
#.....# #...
#.s@#############...
#.#.................
# ###############...
###. #. #. #. #. ##


You could see a scorpion.

Vanquished Creatures
  2 dart slugs (D:1)
  3 ball pythons (D:1)
  A bat (D:1)
  4 endoplasms (D:1)
  2 giant cockroaches
  2 goblins (D:1)
  2 hobgoblins (D:1)
  3 jackals (D:1)
  6 frilled lizards (D:1)
  4 kobolds
  3 rats (D:1)
32 creatures vanquished.

Notes
Turn   | Place    | Note
-------+----------+-------------------------------------------
     0 | D:1      | RascalDebosk the Djinni Hexslinger began the quest for the
                  | Orb.
     0 | D:1      | RascalDebosk set off with the following spells memorised:
                  | Slow, Inner Flame, Portal Projectile, Cause Fear.
     0 | D:1      | Reached XP level 1. HP: 17/17 MP: 0/0
    61 | D:1      | Reached XP level 2. HP: 22/22 MP: 0/0
   107 | D:1      | Reached skill level 3 in Spellcasting
   288 | D:1      | Reached XP level 3. HP: 19/27 MP: 0/0
   288 | D:1      | Learned a level 1 spell: Freeze
   955 | D:2      | Noticed a scorpion
   962 | D:2      | Slain by a scorpion

Illustrated notes

Levels and vault maps discovered:
D:1:      roderic_crop_circles_arrival_small, layout_loops_ring,
          hangedman_decor_diamond_cutter
D:2:      minmay_chambers_of_ones, layout_basic

Skill      XL: |  1  2 |
---------------+-------+-----
Spellcasting   | 3 |  3.4
Fighting       | |  1.0
Ranged Weapons | |  1.5
Dodging        | |  2.1

Action                     || total
---------------------------++-------
   Fire: Sling             ||   102
   Cast: Portal Projectile ||     6
         Inner Flame       ||     1
 Armour: Robe              ||    10
  Dodge: Dodged            ||    35
